 Dungeon Crawl Stone Soup version 0.22-a0-159-g7ce444f (webtiles) character file.

277 Azzok the Skirmisher (level 6, -2/44 HPs)
             Began as a Gargoyle Berserker on Feb 9, 2018.
             Was a Believer of Trog.
             Slain by Grinder (4 damage)
             ... while paralysed by Grinder
             ... on level 3 of the Dungeon.
             The game lasted 00:06:29 (3065 turns).

Azzok the Skirmisher (Gargoyle Berserker)           Turns: 3065, Time: 00:06:30

Health: -2/44      AC:  7    Str: 22    XL:     6   Next: 25%
Magic:  6/6        EV:  2    Int:  8    God:    Trog [**....]
Gold:   132        SH:  0    Dex:  9    Spells: 5/5 levels left

rFire    . . .     SeeInvis .   a - +0 falchion
rCold    . . .     Gourm    .   (no shield)
rNeg     + . .     Faith    .   b - +0 animal skin
rPois    ∞         Spirit   .   d - +0 helmet
rElec    +         Reflect  .   (no cloak)
rCorr    .         Harm     .   (no gloves)
MR       .....                  (no boots)
Stlth    +.........             (no amulet)
HPRegen  0.14/turn              (no ring)
MPRegen  0.10/turn              (no ring)

@: paralysed, berserk cooldown, slowed
A: negative energy resistance 1, electricity resistance, unbreathing,
petrification resistance, rot immunity, AC +4
a: Berserk, Trog's Hand, Burn Spellbooks, Renounce Religion


You were on level 3 of the Dungeon.
You worshipped Trog.
Trog was pleased with you.
You were hungry.

You visited 1 branch of the dungeon, and saw 3 of its levels.

You collected 132 gold pieces.

Inventory:

Hand Weapons
 a - a +0 falchion (weapon)
Armour
 b - a +0 animal skin (worn)
 d - a +0 helmet (worn)
Jewellery
 i - a +5 ring of evasion {unknown}
 k - an uncursed ring of wizardry {unknown}
Scrolls
 e - 2 scrolls of magic mapping {unknown}
 g - 2 scrolls of identify {unknown}
 j - 3 scrolls of remove curse {unknown}
Potions
 f - 2 potions of curing {unknown}
 h - a potion of brilliance {unknown}
 l - a potion of mutation {unknown}
 m - a potion of haste {unknown}
Books
 n - a book of Cantrips

   Spells                             Type                      Level
   a - Confusing Touch                Hexes                        1
   b - Animate Skeleton               Necromancy                   1
   c - Summon Small Mammal            Summoning                    1
   d - Apportation                    Translocation                1
   Trog disapproves of the use of such an item.
Comestibles
 c - 2 rations


   Skills:
 + Level 7.5 Fighting
 - Level 2.6 Long Blades
 - Level 2.1 Armour
 - Level 1.5 Dodging


You had 5 spell levels left.
You didn't know any spells.

Dungeon Overview and Level Annotations

Branches:
Dungeon (3/15)

Altars:
Fedhas
Hepliaklqana

Annotations:
D:3 Grinder


Innate Abilities, Weirdness & Mutations

You are resistant to torment.
Your stone body is resilient. (AC +4)
You are immune to poison.
You resist negative energy. (rN+)
You are resistant to electric shocks. (rElec)
You can survive without breathing.
You are immune to petrification.
You are immune to rotting.


Message History

* * * LOW HITPOINT WARNING * * *
You slash Grinder!
Grinder is heavily wounded.
Grinder blinks!
Grinder gestures at you. Pain shoots through your body!
* * * LOW HITPOINT WARNING * * *
Grinder gestures at you. Pain shoots through your body!
* * * LOW HITPOINT WARNING * * *
You closely miss Grinder.
Grinder is heavily wounded.
Grinder blinks!
Grinder gestures at you.
You suddenly lose the ability to move!
Grinder hits you but does no damage. Grinder hits you.
* * * LOW HITPOINT WARNING * * *
Grinder hits you.
You die...

▒·▒▒ ▒▒···▒▒·········
▒·· ···▒▒)▒▒▒·▒▒▒····▒
▒▒▒▒▒▒▒·▒
····▒·▒·▒·▒▒▒·▒·▒▒
······$·▒
▒·▒·▒))····▒▒·····
▒▒▒▒▒▒▒·▒▒▒
▒·▒·▒▒▒▒▒··▒▒▒▒·▒▒
▒···)·▒ ▒·▒·▒ ▒··▒ ▒···
▒·▒▒▒·▒▒▒·▒·▒ ▒··▒ ▒▒▒·
··· ▒···▒5▒·▒ ▒··▒ ▒·
▒▒▒
▒·▒·▒@▒·▒▒▒▒▒··▒▒▒▒▒▒·
··[▒···················
▒·▒▒▒▒▒·····▒▒▒▒▒▒▒▒▒▒▒·
▒· ▒···········▒ ▒· ▒
▒·····▒▒▒▒▒·▒ ▒·
·)······▒ ·· ▒▒▒▒▒▒▒▒▒
▒▒


You could see Grinder.

Vanquished Creatures
  A scorpion (D:2)
  A howler monkey (D:2)
  2 orc priests
  An orc wizard (D:2)
  3 adders (D:2)
  4 worms
  6 leopard geckos
  6 orcs
  7 bats
  3 giant cockroaches
  2 goblins
  8 hobgoblins
  2 jackals (D:1)
  2 kobolds (D:2)
  A ball python (D:2)
  2 frilled lizards
  2 rats
53 creatures vanquished.

Notes
Turn   | Place    | Note
-------+----------+-------------------------------------------
     0 | D:1      | Azzok the Gargoyle Berserker began the quest for the Orb.
     0 | D:1      | Reached XP level 1. HP: 14/14 MP: 1/1
   196 | D:1      | Reached XP level 2. HP: 19/20 MP: 2/2
   255 | D:1      | Reached skill level 4 in Fighting
   940 | D:2      | Reached XP level 3. HP: 24/24 MP: 3/3
  1424 | D:2      | Reached skill level 5 in Fighting
  1439 | D:2      | Found a blossoming altar of Fedhas.
  1459 | D:2      | Reached ** piety under Trog
  1470 | D:2      | Reached XP level 4. HP: 9/31 MP: 4/4
  1924 | D:2      | Reached skill level 6 in Fighting
  1924 | D:2      | Reached XP level 5. HP: 18/36 MP: 5/5
  2431 | D:2      | Reached skill level 7 in Fighting
  2431 | D:2      | Reached XP level 6. HP: 44/44 MP: 6/6
  2881 | D:3      | Found a hazy altar of Hepliaklqana.
  3044 | D:3      | Noticed Grinder
  3062 | D:3      | Paralysed by Grinder for 5 turns
  3064 | D:3      | HP: 2/44 [Grinder (5)]
  3065 | D:3      | Slain by Grinder

Vault maps used:
D:1:      sevenhm_arrival_forest_fort_small_3
D:2:      nicolae_overflow_hidden_temple
D:3:      nemelex_xobeh_ov_fountains_minmay, lemuel_round_altar,
          eat_drink_and_be_merry_uskayaw, minmay_overflow_temple_star_quad,
          uniq_grinder

Skill      XL: |  1  2  3  4  5 |
---------------+----------------+-----
Fighting       | 4 5 6 7 |  7.5
Long Blades    | |  2.6
Armour         | |  2.1
Dodging        | |  1.5

Action                   |  1- 3 |  4- 6 || total
-------------------------+-------+-------++-------
Melee: Falchion          |   120 |   101 ||   221
Invok: Berserk           |       |     3 ||     3
  Eat: Chunk             |     2 |     7 ||     9
Armor: Animal skin       |    61 |    26 ||    87
Dodge: Dodged            |    92 |    58 ||   150
       Rpst.: Falchion   |    33 |    13 ||    46

Table legend:
 A = Spawn XP
 B = Non-spawn XP
 C = Spawn XP percentage of total XP
 D = Spawn monster count
 E = Non-spawn monster count
 F = Spawn count percentage of total count
 G = Total turns spent on level
                    A         B        C        D         E        F      G
               +---------+---------+-------+---------+---------+-------+---------
         Total |       0 |     396 |   0.0 |       0 |      53 |   0.0 |  3065
               +---------+---------+-------+---------+---------+-------+---------
           D:1 |       0 |      30 |   0.0 |       0 |      16 |   0.0 |   894
           D:2 |       0 |     296 |   0.0 |       0 |      26 |   0.0 |  1717
           D:3 |       0 |      70 |   0.0 |       0 |      11 |   0.0 |   454
               +---------+---------+-------+---------+---------+-------+---------
